 Dungeon Crawl Stone Soup version 0.21.0-3-g78d12a8 (webtiles) character file.

24080 Ghouzt the Cleaver (level 12, 0/112 HPs)
             Began as a Black Draconian Berserker on Jan 11, 2018.
             Was a Priest of Trog.
             Shot with an arrow by a deep elf archer (19 damage)
             ... on level 14 of the Dungeon on Jan 12, 2018.
             The game lasted 00:51:18 (17231 turns).

Ghouzt the Cleaver (Black Draconian Berserker)     Turns: 17231, Time: 00:51:19

Health: 0/112      AC: 10    Str: 23    XL:     12   Next: 77%
Magic:  12/12      EV: 16    Int:  8    God:    Trog [***...]
Gold:   857        SH: 11    Dex: 12    Spells: 11/11 levels left

rFire    + + .     SeeInvis .   G - +6 hand axe
rCold    + . .     Gourm    .   H - +0 shield {rC+ rF+}
rNeg     . . .     Faith    .   (armour unavailable)
rPois    .         Spirit   .   (helmet restricted)
rElec    +         Reflect  .   n - +0 cloak
rCorr    .         Harm     .   j - +0 pair of gloves
MR       ++...                  (no boots)
Stlth    +.........             (no amulet)
HPRegen  0.28/turn              D - ring of protection from magic
MPRegen  0.13/turn              M - ring of protection from fire

@: no status effects
A: breathe lightning, unfitting armour, talons 1, magic resistance 1,
electricity resistance, cold-blooded, AC +8
a: Breathe Lightning, Berserk, Trog's Hand, Burn Spellbooks, Renounce Religion


You were on level 14 of the Dungeon.
You worshipped Trog.
Trog was most pleased with you.
You were not hungry.

You visited 1 branch of the dungeon, and saw 14 of its levels.
You also visited: Sewer.

You collected 857 gold pieces.

Inventory:

Hand Weapons
 C - a +2 vampiric war axe
 G - a +6 hand axe (weapon)
 N - a +0 executioner's axe
Armour
 j - a +0 pair of gloves (worn)
 n - a +0 cloak (worn)
 s - a +0 shield
 H - a +0 shield of resistance (worn)
Jewellery
 g - an uncursed ring of stealth
 z - an uncursed ring of protection from cold
 A - an uncursed ring of poison resistance
 B - an uncursed ring of flight
 D - a ring of protection from magic (left hand)
 J - an uncursed ring of stealth
 M - a ring of protection from fire (right hand)
Wands
 m - a wand of enslavement (17)
 x - a wand of clouds (2)
 I - a wand of flame (28)
 L - a wand of acid (7)
 O - a wand of random effects (33)
Scrolls
 a - 6 scrolls of identify
 c - 4 scrolls of remove curse
 f - 5 scrolls of fear
 h - 3 scrolls of amnesia
 o - 4 scrolls of noise
 p - 11 scrolls of teleportation
 u - a scroll of immolation
 v - 3 scrolls of magic mapping
 y - a scroll of summoning
 E - a scroll of fog
 F - a scroll of holy word
 K - 3 scrolls of vulnerability
Potions
 d - 3 potions of curing
 e - 3 potions of mutation
 i - 2 potions of might {unknown}
 k - a potion of lignification {unknown}
 l - 5 potions of flight
 q - 2 potions of heal wounds {unknown}
 r - a potion of magic {unknown}
 t - a potion of haste
 w - a potion of ambrosia {unknown}
Comestibles
 b - 20 rations
 P - a chunk of flesh


   Skills:
 * Level 11.9 Fighting
 - Level 14.0 Axes
 + Level 9.6 Dodging
 + Level 8.0 Shields


You had 11 spell levels left.
You didn't know any spells.

Dungeon Overview and Level Annotations

Branches:
Dungeon (14/15)            Temple (0/1) D:4            Lair (0/6) D:10
    Orc (0/2) D:11
 Vaults: D:13-14

Altars:
Dithmenos
Elyvilon
Fedhas
Gozag
Makhleb
Nemelex Xobeh
Sif Muna
Trog
Uskayaw
Yredelemnul
The Shining One

Annotations:
D:13 exclusion: obsidian statue


Innate Abilities, Weirdness & Mutations

You can breathe wild blasts of lightning.
Your glossy black scales are hard. (AC +8)
You cannot fit into any form of body armour.
You are resistant to electric shocks. (rElec)
You are cold-blooded and may be slowed by cold attacks.
You have sharp toenails.
You are resistant to hostile enchantments. (MR+)


Message History

You butcher the howler monkey corpse.
P - 2 chunks of flesh A deep elf archer comes into view.
It is wielding a dagger.
The deep elf archer unwields an uncursed dagger.
The deep elf archer wields an uncursed runed shortbow.
The deep elf archer shoots an arrow.
The arrow hits you!!
You hear a shout!
The deep elf archer shoots an arrow.
The arrow hits you!!
* * * LOW HITPOINT WARNING * * *
You hear a shout!
You see here an arrow.
The deep elf archer shoots an arrow.
The arrow hits you!!
* * * LOW HITPOINT WARNING * * *
x2 You see here an arrow.
You see here a flail.
There is an open door here.
You start resting.
Eating one of 2 chunks of flesh.
You eat one of the 2 chunks of flesh.
This raw flesh tastes terrible.
You feel better.
The deep elf archer shoots an arrow.
The arrow hits you!!
You die...

#.## #..... #.#
#...#. #)# ##..###
#.# ##..#### #.#
#..#'#.# #e#
###.###._.
#####'#####.[..#'#.#
#........##.##..####
#..@.....'..##...###
#..(.....#####....#.
#........# #.>....
#........# #......
#........# #######
##########


You could see a deep elf archer.

Vanquished Creatures
  A hydra (D:11)
  Erolcha (D:11)
  A centaur warrior (D:10)
  5 two-headed ogres
  2 tengu warriors (D:12)
  Nergalle (D:12)
  Sonja (D:13)
  5 skeletal warriors (D:13)
  A wizard (D:13)
  2 unseen horrors
  A wolf spider zombie (D:9)
  2 ugly things
  A cyclops (D:11)
  Maurice (D:13)
  2 gargoyles
  An efreet (D:14)
  7 trolls
  4 hippogriffs
  A vampire (D:11)
  A spriggan (D:8)
  A centaur simulacrum (D:11)
  2 shadows
  4 yaks (D:13)
  Grum (D:9)
  2 hungry ghosts
  2 black bears
  An eye of draining (D:5)
  3 sky beasts
  A hornet zombie (D:10)
  An orc warrior (D:9)
  A phantom (D:4)
  4 ice beasts
  7 ogres
  6 wolves
  4 centaurs
  9 bullfrogs
  3 scorpions
  5 killer bees (D:7)
  3 wights (D:9)
  A howler monkey (D:14)
  6 electric eels (D:10)
  2 bullfrog zombies (D:13)
  4 crimson imps
  3 centaur zombies
  5 orc wizards
  4 orc priests
  4 bullfrog skeletons
  8 hounds
  3 jellies
  A centaur skeleton (D:4)
  3 iguanas
  Ijyb (D:4)
  2 gnoll shamans (D:5)
  12 worker ants
  A hound zombie (D:8)
  2 hound skeletons
  A howler monkey zombie (D:5)
  16 adders
  8 gnolls (D:5)
  4 river rats (D:3)
  A shadow imp (D:5)
  An ooze (D:2)
  An adder zombie (D:9)
  2 adder skeletons
  6 worms
  3 dart slugs
  5 leopard geckos
  36 orcs
  4 giant cockroaches
  7 goblins
  4 hobgoblins
  12 jackals
  14 kobolds
  6 quokkas
  5 ball pythons
  7 bats
  7 frilled lizards
  A leopard gecko skeleton (D:5)
  A quokka zombie (D:7)
  9 rats
  3 plants (Sewer)
327 creatures vanquished.

Vanquished Creatures (collateral kills)
  An ogre (D:9)
  An orc wizard (D:9)
2 creatures vanquished.

Vanquished Creatures (others)
  A plant (Sewer)
1 creature vanquished.

Grand Total: 330 creatures vanquished

Notes
Turn   | Place    | Note
-------+----------+-------------------------------------------
     0 | D:1      | Ghouzt the Draconian Berserker began the quest for the Orb.
     0 | D:1      | Reached XP level 1. HP: 19/19 MP: 1/1
   528 | D:1      | Reached XP level 2. HP: 26/26 MP: 2/2
  1000 | D:2      | Gained mutation: You are resistant to hostile enchantments. (MR+) [potion of mutation]
  1000 | D:2      | Gained mutation: You have sharp toenails. [potion of mutation]
  1000 | D:2      | HP: 1/26 [poisoned by an adder]
  1237 | D:2      | Reached XP level 3. HP: 29/31 MP: 3/3
  1380 | D:2      | Reached ** piety under Trog
  1464 | D:2      | Found a deep blue altar of Sif Muna.
  1844 | D:3      | Reached skill level 4 in Axes
  1848 | D:3      | Reached XP level 4. HP: 25/40 MP: 4/4
  2374 | D:3      | Found a shadowy altar of Dithmenos.
  2478 | D:3      | Reached XP level 5. HP: 38/46 MP: 5/5
  2503 | D:3      | Found a glowing drain.
  2540 | Sewer    | Entered a sewer
  2602 | Sewer    | Reached skill level 5 in Axes
  2666 | Sewer    | Reached *** piety under Trog
  3895 | D:4      | Noticed a phantom
  3901 | D:4      | Killed a phantom
  3901 | D:4      | Reached XP level 6. HP: 52/52 MP: 6/6
  3930 | D:4      | Reached skill level 6 in Axes
  3943 | D:4      | Found a staircase to the Ecumenical Temple.
  4214 | D:4      | Noticed Ijyb
  4232 | D:4      | Killed Ijyb
  4261 | D:4      | Found a glowing golden altar of the Shining One.
  4331 | D:4      | Found a blossoming altar of Fedhas.
  4336 | D:4      | Your scales start taking on a glossy black colour.
  4336 | D:4      | Reached XP level 7. HP: 50/60 MP: 7/7
  4336 | D:4      | Gained mutation: You are resistant to electric shocks. (rElec) [Black Draconian growth]
  4513 | D:4      | Found a hide-covered altar of Uskayaw.
  4513 | D:4      | Found an opulent altar of Gozag.
  4606 | D:4      | Reached skill level 7 in Axes
  4789 | D:5      | Entered Level 5 of the Dungeon
  5256 | D:5      | Found a bloodstained altar of Trog.
  5271 | D:5      | Reached skill level 8 in Axes
  5336 | D:5      | Reached skill level 5 in Fighting
  5358 | D:5      | Reached **** piety under Trog
  5442 | D:5      | Reached XP level 8. HP: 68/68 MP: 8/8
  5689 | D:5      | Found a burning altar of Makhleb.
  6262 | D:6      | Found a sparkling altar of Nemelex Xobeh.
  6409 | D:6      | Reached skill level 9 in Axes
  6825 | D:7      | Reached skill level 5 in Dodging
  6830 | D:7      | Noticed a hippogriff
  7235 | D:7      | Reached skill level 1 in Shields
  7385 | D:7      | Found a basalt altar of Yredelemnul.
  7758 | D:7      | Reached skill level 10 in Axes
  7758 | D:7      | Reached XP level 9. HP: 75/75 MP: 9/9
  8187 | D:8      | Noticed a two-headed ogre
  8626 | D:8      | Noticed a two-headed ogre
  8642 | D:8      | Killed a two-headed ogre
  8642 | D:8      | Reached skill level 11 in Axes
  8893 | D:8      | Killed a two-headed ogre
  8893 | D:8      | Reached XP level 10. HP: 84/84 MP: 10/10
  9260 | D:9      | Reached skill level 12 in Axes
  9628 | D:9      | Found a white marble altar of Elyvilon.
 10125 | D:9      | Noticed Grum
 10152 | D:9      | Killed Grum
 10480 | D:10     | Entered Level 10 of the Dungeon
 10631 | D:10     | Noticed a centaur warrior
 10935 | D:10     | Reached skill level 5 in Shields
 11041 | D:10     | Killed an unseen horror
 11041 | D:10     | Reached skill level 13 in Axes
 11434 | D:10     | Reached XP level 11. HP: 93/93 MP: 11/11
 11688 | D:10     | Killed a centaur warrior
 11710 | D:10     | Noticed a two-headed ogre
 11766 | D:10     | Killed a two-headed ogre
 12105 | D:11     | Noticed a four-headed hydra
 12174 | D:10     | Found a staircase to the Lair.
 12348 | D:11     | Killed a nine-headed hydra
 13075 | D:11     | Noticed a two-headed ogre
 13081 | D:11     | Killed a two-headed ogre
 13126 | D:11     | Noticed a red ugly thing
 13139 | D:11     | Killed a red ugly thing
 13158 | D:11     | Reached skill level 14 in Axes
 13233 | D:11     | Found a staircase to the Orcish Mines.
 13325 | D:11     | Noticed Erolcha
 13339 | D:11     | Killed Erolcha
 13621 | D:12     | Noticed a tengu warrior
 13621 | D:12     | Noticed a tengu warrior
 13634 | D:12     | Killed a tengu warrior
 13639 | D:12     | Killed a tengu warrior
 13937 | D:12     | Reached XP level 12. HP: 106/106 MP: 12/12
 14092 | D:12     | Noticed Nergalle
 14111 | D:12     | Killed Nergalle
 14670 | D:13     | Reached skill level 10 in Fighting
 14867 | D:13     | Noticed a two-headed ogre
 14878 | D:13     | Killed a two-headed ogre
 14910 | D:13     | Noticed Maurice
 14921 | D:13     | Killed Maurice
 15386 | D:13     | Noticed Sonja
 15704 | D:13     | Killed Sonja
 16985 | D:14     | Found a sparkling altar of Nemelex Xobeh.
 17191 | D:14     | Noticed a vault guard
 17231 | D:14     | Shot with an arrow by a deep elf archer

Skill      XL: |  1  2  3  4  5  6  7  8  9 10 11 12 |
---------------+-------------------------------------+-----
Dodging        | 3 4 5 6 8 9 |  9.6
Axes           | 4 5 6 8 10 11 13 14 | 14.0
Fighting       | 4 5 6 7 9 11 | 11.9
Shields        | 1 3 5 6 8 |  8.0

Action                   |  1- 3 |  4- 6 |  7- 9 | 10-12 || total
-------------------------+-------+-------+-------+-------++-------
Melee: Hand axe          |    95 |   316 |   375 |   649 ||  1435
       Tailslap          |     3 |    40 |    44 |   114 ||   201
       Kick              |     7 |   100 |   114 |   236 ||   457
Invok: Berserk           |     2 |     3 |     8 |    21 ||    34
       Trog's Hand       |     1 |     2 |     7 |    21 ||    31
       Burn Spellbooks   |       |       |     1 |     2 ||     3
       Brothers in Arms  |       |       |       |     3 ||     3
 Abil: Breathe Lightning |       |       |     1 |     2 ||     3
  Use: Potion            |     2 |       |     3 |     5 ||    10
       Scroll            |       |       |     7 |    16 ||    23
 Stab: Sleeping          |     1 |       |     1 |     3 ||     5
  Eat: Chunk             |     4 |    13 |    21 |    32 ||    70
       Ration            |       |       |     1 |     8 ||     9
Armor: Skin              |    39 |    70 |   101 |   115 ||   325
Dodge: Dodged            |    88 |   175 |   187 |   253 ||   703
Block: Shield            |       |       |    96 |   255 ||   351
